 Dungeon Crawl Stone Soup version 0.21.0-3-g78d12a8 (webtiles) character file.

64 Jatast the Cudgeler (level 3, 0/26 HPs)
             Began as a Demonspawn Wanderer on Jan 13, 2018.
             Slain by a gnoll (4 damage)
             ... on level 2 of the Dungeon.
             The game lasted 00:02:06 (1413 turns).

Jatast the Cudgeler (Demonspawn Wanderer)           Turns: 1413, Time: 00:02:07

Health: 0/26       AC:  5    Str: 14    XL:     3   Next: 91%
Magic:  3/3        EV: 10    Int: 12    God:
Gold:   90         SH:  0    Dex: 12    Spells: 2/2 levels left

rFire    . . .     SeeInvis .   a - +2 mace
rCold    . . .     Gourm    .   (no shield)
rNeg     . . .     Faith    .   n - +0 ring mail
rPois    .         Spirit   .   (helmet restricted)
rElec    .         Reflect  .   (no cloak)
rCorr    .         Harm     .   (no gloves)
MR       .....                  (no boots)
Stlth    +.........             (no amulet)
HPRegen  0.08/turn              (no ring)
MPRegen  0.08/turn              (no ring)

@: no status effects
A: horns 1
a: no special abilities


You were on level 2 of the Dungeon.
You were hungry.

You visited 1 branch of the dungeon, and saw 2 of its levels.

You collected 90 gold pieces.

Inventory:

Hand Weapons
 a - a +2 mace (weapon)
Armour
 n - a +0 ring mail (worn)
Scrolls
 b - a scroll of identify {unknown}
 d - 3 scrolls of teleportation
 g - a scroll of enchant weapon {unknown}
 l - a scroll of fear {unknown}
 m - a scroll of fog {unknown}
Potions
 c - a potion of invisibility {unknown}
 h - a potion of heal wounds
 i - a potion of ambrosia {unknown}
 j - 2 potions of berserk rage {unknown}
Comestibles
 f - 3 rations


   Skills:
 - Level 1.0 Fighting
 + Level 5.1 Maces & Flails
 - Level 1.0 Throwing
 - Level 2.6 Armour
 - Level 1.0 Stealth


You had 2 spell levels left.
You didn't know any spells.

Dungeon Overview and Level Annotations

Branches:
Dungeon (2/15)

Altars:


Innate Abilities, Weirdness & Mutations

You have a pair of small horns on your head.


Message History

The gnoll hits you from afar with a spear of piercing.
The gnoll hits you! The gnoll misses you. The gnoll barely misses you.
Found 9 gold pieces.
You sock the gnoll!
The gnoll is heavily wounded.
The gnoll drinks a potion.
The gnoll is healed!
The gnoll barely misses you.
You hit the gnoll.
The gnoll is moderately wounded.
The gnoll completely misses you. The gnoll hits you but does no damage.
You closely miss the gnoll. Your headbutt misses the gnoll.
The gnoll is moderately wounded.
The gnoll hits you with a spear of piercing.
* * * LOW HITPOINT WARNING * * *
The gnoll misses you.
The gnoll hits you with a spear of piercing.
* * * LOW HITPOINT WARNING * * *
x2 The gnoll barely misses you.
The gnoll closely misses you. The gnoll hits you.
You die...

#.......#
#...8..#### .#
#.......... .#
#......#### .#
#.##.### ######.#
#.##.######......#
#......))........#
#########........#
# #@.......# .#
#g#.....#####.#
#.####........#
#.g....#......#
#..#...#......#
#..#####......#
#.............#
#.######..[...#
#.#...........#


You could see 2 gnolls.

Vanquished Creatures
  2 gnolls (D:2)
  An ooze (D:1)
  An adder zombie (D:2)
  2 dart slugs (D:1)
  A leopard gecko (D:2)
  2 bats (D:1)
  A bat skeleton (D:2)
  4 giant cockroaches
  7 goblins (D:1)
  3 hobgoblins (D:1)
  A ball python (D:1)
  A frilled lizard (D:1)
  A jackal skeleton (D:2)
  A kobold (D:1)
  3 rats (D:1)
31 creatures vanquished.

Notes
Turn   | Place    | Note
-------+----------+-------------------------------------------
     0 | D:1      | Jatast the Demonspawn Wanderer began the quest for the Orb.
     0 | D:1      | Jatast set off with: a +2 mace, a +0 shortbow, 24 arrows, a scroll of teleportation, a +0 robe, a ration
     0 | D:1      | Reached XP level 1. HP: 15/15 MP: 1/1
   216 | D:1      | Reached skill level 4 in Maces & Flails
   217 | D:1      | Gained mutation: You have a pair of small horns on your head. [demonic ancestry]
   217 | D:1      | Reached XP level 2. HP: 7/21 MP: 2/2
   711 | D:1      | Reached XP level 3. HP: 23/26 MP: 3/3
  1306 | D:2      | Reached skill level 5 in Maces & Flails
  1413 | D:2      | Slain by a gnoll

Skill      XL: |  1  2  3 |
---------------+----------+-----
Maces & Flails | 4 5 |  5.1
Fighting       | |  1.0
Throwing       | |  1.0
Armour         | |  2.6
Stealth        | |  1.0

Action                   || total
-------------------------++-------
Melee: Mace              ||    86
       Headbutt          ||     6
 Stab: Sleeping          ||     1
  Eat: Chunk             ||     1
Armor: Robe              ||    14
       Ring mail         ||     6
Dodge: Dodged            ||    60
